 Dungeon Crawl Stone Soup version 0.16-a0-3493-gd9d85f0 (webtiles) character file.

795 Pikaro the Covert (level 7, 0/32 HPs)
             Began as a Spriggan Enchanter on Jan 4, 2015.
             Slain by a sky beast (5 damage)
             ... on level 5 of the Dungeon.
             The game lasted 00:21:59 (7144 turns).

Pikaro the Covert (Spriggan Enchanter)              Turns: 7144, Time: 00:21:59

Health: 0/32       AC:  3    Str:  4    XL:     7   Next: 58%
Magic:  28/28      EV: 18    Int: 19    God:
Gold:   399        SH:  0    Dex: 16    Spells: 3 memorised, 6 levels left

rFire  . . .     SeeInvis +     a - +0 dagger (elec)
rCold  . . .     Clarity  .     f - +1 robe
rNeg   . . .     SustAb   .     (shield restricted)
rPois  .         Gourm    .     (helmet restricted)
rElec  .         Spirit   .     (no cloak)
rCorr  .         Warding  .     (gloves unavailable)
rMut   .         Stasis   .     (boots unavailable)
MR     +....                    (no amulet)
Stlth  +++++.....               (no ring)
                                h - ring of magical power {MP+9}

@: very quick, somewhat resistant to hostile enchantments, quite stealthy
A: unfitting armour, see invisible, herbivore 3, speed 3, slow metabolism 2,
evolution 1
a: no special abilities


You were on level 5 of the Dungeon.
You were not hungry.

You visited 1 branch of the dungeon, and saw 5 of its levels.
You also visited: Ossuary.

You collected 399 gold pieces.

Inventory:

Hand weapons
 a - a +0 dagger of electrocution (weapon)
   (You took it off a goblin on level 2 of the Dungeon)
 u - a +3 dagger of speed
   (You took it off Ijyb on level 3 of the Dungeon)
Armour
 f - a +1 robe (worn)
Jewellery
 h - a ring of magical power (left hand) {MP+9}
   (You found it on level 1 of the Dungeon)
Scrolls
 b - 3 scrolls of identify
 i - 2 scrolls of teleportation
 k - 3 scrolls of fog
 m - a scroll of magic mapping {!r}
 q - 2 scrolls of fear
 r - a scroll of enchant weapon
 s - 3 scrolls of remove curse
 w - a scroll of recharging
Potions
 l - 2 potions of cancellation
 o - a potion of lignification {!q}
 p - 3 potions of mutation {!q}
 v - a potion of heal wounds
Books
 c - a book of Maledictions
Comestibles
 d - a bread ration {@e1}
 j - 4 fruits


   Skills:
 + Level 6.5 Short Blades
 + Level 3.5 Dodging
 + Level 10.2 Stealth
 - Level 2.6 Spellcasting
 - Level 3.6 Hexes


You had 6 spell levels left.
You knew the following spells:

 Your Spells              Type           Power        Failure   Level  Hunger
A - Corona                Hex            ###....      4%          1    None
B - Ensorcelled Hibernat  Hex/Ice        #.....       14%         2    ##.....
C - Sure Blade            Hex/Chrm       #.........   14%         2    ##.....


Dungeon Overview and Level Annotations

Branches:
Dungeon (5/15)
 Temple: D:4-7

Altars:
Sif Muna


Innate Abilities, Weirdness & Mutations

You are tiny and cannot use many weapons and most armour.
You have supernaturally acute eyesight.
You are a herbivore.
You cover ground extremely quickly.
You need consume almost no food.
You evolve.


Message History

A jackal comes into view. x2
A jackal comes into view.
The jackal barks!
The jackal moves out of view.
You closely miss the jackal. The jackal misses you.
You hit the jackal. The jackal misses you. The jackal misses you.
You hit the jackal.
There is a sudden explosion of sparks!
You kill the jackal!
The jackal completely misses you.
You see here a jackal corpse.
The jackal misses you.
You hit the jackal.
There is a sudden explosion of sparks!
You kill the jackal!
You hit the jackal.
There is a sudden explosion of sparks!
You kill the jackal!
You hit the jackal. The jackal barely misses you.
You hit the jackal.
There is a sudden explosion of sparks!
You kill the jackal!
Your Stealth skill increases to level 10!
You see here a jackal corpse.
You see here a jackal corpse.
You start resting.
Health restored: 32 Total turns waited: 44 Done exploring.
A rat comes into view.
There is a stone staircase leading down here.
You hit the rat.
There is a sudden explosion of sparks!
You kill the rat!
You see here a rat corpse.
There is a stone staircase leading down here.
You climb downwards.
The ogre misses you.
There is a stone staircase leading up here.
Spoiler Alert: The ogre can hit for high damage in melee!
You barely miss the ogre. The ogre hits you with a giant club.
You take 6 damage, and have 26/32 hp.
Unknown command.
You hit the ogre.
There is a sudden explosion of sparks!
You barely miss the ogre. The ogre completely misses you.
You hit the ogre.
Spoiler Alert: The ogre can hit for high damage in melee!
You hit the ogre. The ogre misses you.
You hit the ogre but do no damage.
There is a sudden explosion of sparks!
You kill the ogre!
You barely miss the sky beast. You barely miss the sky beast.
The sky beast flickers out of sight for a moment.
The sky beast misses you.
You hit the sky beast but do no damage. The sky beast closely misses you.
You hit the sky beast. You closely miss the sky beast.
The sky beast hits you but does no damage.
You closely miss the sky beast. The sky beast barely misses you.
You closely miss the sky beast. You hit the sky beast.
The sky beast barely misses you.
You hit the sky beast. The sky beast closely misses you.
You barely miss the sky beast. You hit the sky beast but do no damage.
The sky beast closely misses you.
You hit the sky beast but do no damage. The sky beast closely misses you.
You hit the sky beast. You hit the sky beast. The sky beast hits you.
The sky beast shocks you.
You take 7 damage, and have 20/32 hp.
MASSIVE DAMAGE!!
You completely miss the sky beast. The sky beast misses you.
You barely miss the sky beast.
The sky beast flickers out of sight for a moment.
The sky beast closely misses you.
You closely miss the sky beast. You barely miss the sky beast.
The sky beast hits you but does no damage.
You barely miss the sky beast. The sky beast hits you.
The sky beast shocks you.
You take 6 damage, and have 14/32 hp.
You hit the sky beast but do no damage. You hit the sky beast.
The sky beast closely misses you.
You closely miss the sky beast. The sky beast completely misses you.
You hit the sky beast. You hit the sky beast. The sky beast hits you.
The sky beast shocks you.
* * * LOW HITPOINT WARNING * * *
The kobold closely misses you.
You take 7 damage, and have 7/32 hp.
MASSIVE DAMAGE!!
The sky beast barely misses you. The kobold completely misses you.
Drink which item? (? for menu, Esc to quit)
You feel better.
You regained 5 hp, and now have 12/32 hp.
You hit the sky beast. You miss the sky beast.
The sky beast closely misses you.
You hit the sky beast. The sky beast barely misses you.
You hit the sky beast. You hit the sky beast. The sky beast hits you.
The sky beast shocks you.
* * * LOW HITPOINT WARNING * * *
You take 8 damage, and have 4/32 hp.
MASSIVE DAMAGE!!
You closely miss the sky beast. The sky beast barely misses you.
Drink which item? (? for menu, Esc to quit)
You feel better. The sky beast hits you.
* * * LOW HITPOINT WARNING * * *
The sky beast shocks you.
You die...

## #### .. ...##
.# . ...# .# ..
..# .# #. #.# .#
##./#.###.####.##
...#KZY@........
#.#)########.##
#.#...# #.....#
#.###†# ..
#......+
.#.........#
#......(..#
#.........#


You could see a sky beast (invisible), a centaur zombie and a kobold.

Vanquished Creatures
  The ghost of wojtek the Slicer, an experienced KoAs (D:4)
  An ogre (D:5)
  A hound (D:4)
  An iguana (D:4)
  Ijyb (D:3)
  Jessica (D:2)
  9 mummies
  Robin (D:2)
  7 adders
  7 gnolls
  4 worms
  3 giant geckos
  An ooze (D:2)
  5 orcs (D:4)
  3 ball pythons
  11 bats
  5 giant cockroaches
  11 hobgoblins
  14 jackals
  7 kobolds
  3 quokkas
  3 giant newts
  17 goblins
  A hobgoblin zombie (Ossuary)
  3 kobold zombies (Ossuary)
  4 orc zombies (Ossuary)
  7 rats
132 creatures vanquished.

Notes
Turn   | Place    | Note
--------------------------------------------------------------
     0 | D:1      | Pikaro, the Spriggan Enchanter, began the quest for the Orb.
     0 | D:1      | Reached XP level 1. HP: 9/9 MP: 4/4
   293 | D:1      | Reached XP level 2. HP: 8/13 MP: 7/7
   390 | D:1      | Reached skill level 5 in Stealth
   394 | D:1      | Learned a level 2 spell: Ensorcelled Hibernation
   397 | D:1      | Learned a level 2 spell: Sure Blade
   914 | D:1      | Reached skill level 2 in Short Blades
  1908 | D:2      | Reached XP level 3. HP: 16/16 MP: 9/9
  2021 | D:2      | Noticed Robin
  2042 | D:2      | HP: 4/16 [quokka (4)]
  2312 | D:2      | Killed Robin
  2312 | D:2      | Reached skill level 6 in Stealth
  2619 | D:2      | Noticed Jessica
  2635 | D:2      | Killed Jessica
  2635 | D:2      | Reached skill level 3 in Short Blades
  2635 | D:2      | Reached XP level 4. HP: 17/21 MP: 12/12
  3648 | D:2      | Reached skill level 7 in Stealth
  3655 | D:2      | Reached XP level 5. HP: 20/24 MP: 14/14
  4386 | D:3      | Reached skill level 4 in Short Blades
  4658 | D:3      | Noticed Ijyb
  4665 | D:3      | Killed Ijyb
  4777 | D:3      | Found a deep blue altar of Sif Muna.
  4949 | D:4      | Noticed wojtek's ghost (experienced KoAs)
  4976 | D:4      | Killed wojtek's ghost
  4976 | D:4      | Reached skill level 5 in Short Blades
  4976 | D:4      | Reached skill level 9 in Stealth
  4976 | D:4      | Reached XP level 6. HP: 10/28 MP: 17/17
  5199 | D:4      | Found a sand-covered staircase.
  5213 | Ossuary  | Entered an ossuary
  5313 | Ossuary  | Reached XP level 7. HP: 32/32 MP: 19/19
  5671 | Ossuary  | Gained mutation: You evolve. [potion of beneficial mutation]
  5675 | Ossuary  | Reached skill level 6 in Short Blades
  6895 | D:5      | Entered Level 5 of the Dungeon
  7039 | D:4      | Reached skill level 10 in Stealth
  7133 | D:5      | HP: 7/32 [sky beast (5)]
  7142 | D:5      | HP: 4/32 [sky beast (6)]
  7144 | D:5      | Slain by a sky beast

Action                   |  1- 3 |  4- 6 |  7- 9 || total
-------------------------+-------+-------+-------++-------
Melee: Dagger            |   100 |   158 |   210 ||   468
       Short sword       |    57 |    44 |       ||   101
  Use: Potion            |     1 |       |     6 ||     7
       Scroll            |       |     1 |    12 ||    13
 Stab: Sleeping          |     8 |    11 |     8 ||    27
       Distracted        |     1 |     1 |       ||     2
  Eat: Bread ration      |       |     1 |       ||     1

Vault maps used:
D:1:      matt_arrival_refuge
D:2:      kennysheep_generic_room_12, uniq_robin, uniq_jessica
D:3:      lemuel_round_altar, uniq_iyjb
D:4:      gup_ossuary_entry_pyramid
D:5:      first_bread, kennysheep_generic_room_7, uniq_pikel
Ossuary:  ossuary_tomb_3

Table legend:
 A = Turns spent in this place as a percentage of turns spent in the entire game.
 B = Non-inter-level travel turns spent in this place as a percentage of non-inter-level travel turns spent in the entire game.
 C = Inter-level travel turns spent in this place as a percentage of turns spent in this place.
 D = Turns resting spent in this place as a percentage of non-inter-level travel turns spent in this place.
 E = Turns spent auto-exploring this place as a percentage of non-inter-level travel turns spent in this place.
 F = Non-inter-level travel turns spent in this place divided by the number of levels of this place that you've seen.
                   A       B       C       D       E      F
               +-------+-------+-------+-------+-------+----------------------
         Total | 100.0 | 100.0 |   0.3 |   5.5 |   5.5 | 275.0
       Dungeon |  75.6 |  75.5 |   0.4 |   6.0 |   7.0 | 249.2
       Ossuary |  24.4 |  24.5 |   0.0 |   4.0 |   0.7 | 404.0
               +-------+-------+-------+-------+-------+----------------------

Table legend:
 A = Kills in this place as a percentage of kills in entire the game.
 B = Kills by you in this place as a percentage of kills by you in the entire game.
 C = Kills by friends in this place as a percentage of kills by friends in the entire game.
 D = Other kills in this place as a percentage of other kills in the entire game.
 E = Experience gained in this place as a percentage of experience gained in the entire game.
 F = Experience gained in this place divided by the number of levels of this place that you have seen.
                   A       B       C       D       E      F
               +-------+-------+-------+-------+-------+----------------------
         Total | 100.0 | 100.0 |  -nan |  -nan | 100.0 | 189.3
       Dungeon |  87.9 |  87.9 |  -nan |  -nan |  87.1 | 197.8
       Ossuary |  12.1 |  12.1 |  -nan |  -nan |  12.9 | 147.0
               +-------+-------+-------+-------+-------+----------------------
